 Dungeon Crawl Stone Soup version 0.24.0-123-gd5b16e6ec5 (webtiles) character file.

Game seed: 17846901454075449916, levelgen mode: deterministic

506 FishyPogo the Sneak (level 7, -4/55 HPs)
             Began as a Naga Fire Elementalist on Dec 29, 2019.
             Was an Initiate of Cheibriados.
             Killed by nerve-wracking pain
             ... invoked by an orc priest
              (12 damage)
             ... on level 4 of the Dungeon.
             The game lasted 00:11:08 (3249 turns).

FishyPogo the Sneak (Naga Fire Elementalist)        Turns: 3249, Time: 00:11:10

Health: -4/55      AC:  3    Str: 11    XL:     7   Next: 18%
Magic:  3/11       EV: 11    Int: 18    God:    Cheibriados [......]
Gold:   160        SH:  0    Dex: 13    Spells: 6/12 levels left

rFire    + . .     SeeInvis +   d - +0 club
rCold    . . .     Gourm    .   (no shield)
rNeg     . . .     Faith    .   a - +0 robe
rPois    +         Spirit   .   (no helmet)
rElec    .         Reflect  .   (no cloak)
rCorr    .         Harm     .   (no gloves)
MR       .....                  (no barding)
Stlth    +++.......             (no amulet)
HPRegen  0.18/turn              f - ring of protection from fire
MPRegen  0.12/turn              s - +1 ring of evasion

@: short of breath, very slow
A: large, see invisible, deformed body, poison resistance, slowness 2, slow
metabolism 1, spit poison 1, AC +2
a: Spit Poison, Bend Time, Renounce Religion


You were on level 4 of the Dungeon.
You worshipped Cheibriados.
Cheibriados was noncommittal.
You were not hungry.

You visited 2 branches of the dungeon, and saw 5 of its levels.

You collected 160 gold pieces.

Inventory:

Hand Weapons
 d - a +0 club (weapon)
Missiles
 e - 35 stones (quivered)
 r - 6 poisoned darts
 t - 5 boomerangs
Armour
 a - a +0 robe (worn)
Jewellery
 f - a ring of protection from fire (left hand)
 l - an uncursed amulet of rage {unknown}
 s - a +1 ring of evasion (right hand)
Wands
 u - a wand of acid (6)
Scrolls
 b - 2 scrolls of enchant armour {unknown}
 g - 3 scrolls of fear {unknown}
 i - 5 scrolls of identify {unknown}
 k - 4 scrolls of teleportation {unknown}
 m - 2 scrolls of enchant weapon {unknown}
 o - a scroll of blinking {unknown}
Potions
 h - a potion of heal wounds {unknown}
 j - a potion of haste {unknown}
 n - 3 potions of curing {unknown}
 q - a potion of degeneration {unknown}
Comestibles
 c - 6 rations


   Skills:
 - Level 2.2 Dodging
 + Level 6.5 Stealth
 - Level 3.2 Spellcasting
 + Level 3.6 Conjurations
 + Level 4.7 Fire Magic


You had 6 spell levels left.
You knew the following spells:

 Your Spells              Type           Power        Failure   Level  Hunger
a - Flame Tongue          Conj/Fire      ###..        2%          1    None
b - Throw Flame           Conj/Fire      ###...       4%          2    ##.....
j - Conjure Flame         Conj/Fire      ###.....     9%          3    ###....

Your spell library contained the following spells:

 Spells                   Type           Power        Failure   Level  Hunger
 Inner Flame              Hex/Fire       ##......     19%         3    ###....
 Sticky Flame             Conj/Fire      ###.....     28%         4    ####...
 Fireball                 Conj/Fire      ###.......   61%         5    ######.


Dungeon Overview and Level Annotations

Branches:
Dungeon (4/15)             Temple (1/1) D:4

Altars:
Ashenzari
Cheibriados
Dithmenos
Elyvilon
Gozag
Hepliaklqana
Kikubaaqudgha
Nemelex Xobeh
Okawaru
Qazlal
Ru
Sif Muna
Trog
Uskayaw
Wu Jian
Yredelemnul
Zin
The Shining One


Innate Abilities, Weirdness & Mutations

You cannot wear boots.
Your serpentine skin is tough. (AC +2)
You have supernaturally acute eyesight. (SInv)
Armour fits poorly on your strangely shaped body.
Your system is resistant to poisons. (rPois)
You cover ground very slowly.
You have a slow metabolism.
You can spit poison.


Message History

The hound bites you.
* * * LOW HITPOINT WARNING * * *
Press: ? - help, Shift-Dir - straight line, f - hound
Aim: a hound (moderately wounded)
The splash of poison misses the hound.
You feel slightly more hungry. The hound closely misses you.
The orc priest closely misses you. The hound bites you.
* * * LOW HITPOINT WARNING * * *
Casting: Flame Tongue (safe; 2% risk of failure)
Confirm with . or Enter, or press ? or * to list all spells.
Aiming: Flame Tongue (safe; 2% risk of failure)
Press: ? - help, Shift-Dir - straight line, f/p - hound
Aim: a hound (moderately wounded)
The flame tongue hits the hound!
The hound is severely wounded.
The hound bites you.
* * * LOW HITPOINT WARNING * * *
The orc priest calls down the wrath of Beogh upon you.
Pain shoots through your body!
You die...

.................#.##
....................##
#.................#..#
##.................#.##
#...................#.##
.....#.#...........#..#
..#.#.#..........##.##
#.#)#h#..[......###.##
#)>.#@........## ##.##
#.#.#o#........# #..#
..#.#.#.........# ##..
..!..#.#.........## ##.
................### ##
...#.#####...#### #
..... ##### # ..


You could see a hound and an orc priest.

Vanquished Creatures
  2 ogres
  A howler monkey (D:4)
  A hound (Temple)
  2 orc priests
  3 orc wizards (D:3)
  A worker ant (D:4)
  A gnoll (D:1)
  3 adders
  An ooze (D:2)
  A worm (D:2)
  A dart slug (D:2)
  A leopard gecko (D:3)
  8 orcs
  5 giant cockroaches
  8 goblins
  6 hobgoblins
  2 jackals (D:2)
  3 quokkas
  A ball python (D:3)
  5 bats
  4 frilled lizards
  3 kobolds
  7 rats
70 creatures vanquished.

Notes
Turn   | Place    | Note
-------+----------+-------------------------------------------
     0 | D:1      | FishyPogo the Naga Fire Elementalist began the quest for
                  | the Orb.
     0 | D:1      | Reached XP level 1. HP: 15/15 MP: 3/3
   267 | D:1      | Reached XP level 2. HP: 22/22 MP: 5/5
   271 | D:1      | Learned a level 2 spell: Throw Flame
   522 | D:1      | Reached XP level 3. HP: 28/28 MP: 6/6
   527 | D:1      | Learned a level 3 spell: Conjure Flame
  1335 | D:2      | Noticed an ogre
  1579 | D:2      | Killed an ogre
  1579 | D:2      | Reached skill level 4 in Stealth
  1579 | D:2      | Reached XP level 4. HP: 36/36 MP: 0/8
  1579 | D:2      | Reached XP level 5. HP: 42/42 MP: 0/9
  2082 | D:3      | Found a shattered altar of Ashenzari.
  2111 | D:3      | Found a basalt altar of Yredelemnul.
  2112 | D:3      | Found an opulent altar of Gozag.
  2114 | D:3      | Found an iron altar of Okawaru.
  2393 | D:3      | Reached skill level 5 in Stealth
  2394 | D:3      | Reached XP level 6. HP: 33/49 MP: 3/10
  2749 | D:4      | Reached skill level 6 in Stealth
  2782 | D:4      | Reached XP level 7. HP: 52/55 MP: 4/11
  2895 | D:4      | Found a staircase to the Ecumenical Temple.
  2901 | Temple   | Entered the Ecumenical Temple
  3187 | Temple   | Became a worshipper of Cheibriados the Contemplative
  3249 | D:4      | Killed from afar by an orc priest

Levels and vault maps discovered:
D:1:      minmay_arrival_diagonal_passages, layout_basic, st_stairs_12,
          chequers_serial_rivers_room_a, lemuel_old_faithful
D:2:      layout_basic, minmay_fountain_box
D:3:      layout_rooms, nicolae_overflow_hidden_temple,
          minmay_misc_feat_four_crosses, cheibrodos_ashenzari_chains
D:4:      layout_cave_pods, nicolae_overflow_quartered_altars,
          minmay_temple_entry_grid, first_ration, kennysheep_small_circle
Temple:   minmay_temple_curvy_branch

Skill      XL: |  1  2  3  4  5  6 |
---------------+-------------------+-----
Dodging        | 2 |  2.2
Stealth        | 4 5 6 |  6.5
Spellcasting   | 3 |  3.2
Conjurations   | 2 3 |  3.6
Fire Magic     | 4 |  4.7

Action                   |  1- 3 |  4- 6 |  7- 9 || total
-------------------------+-------+-------+-------++-------
Melee: Unarmed           |     8 |       |       ||     8
       Club              |    25 |    29 |     4 ||    58
Throw: Stone             |     4 |     3 |       ||     7
 Cast: Flame Tongue      |    30 |    44 |    18 ||    92
       Throw Flame       |    16 |    21 |     3 ||    40
       Conjure Flame     |     1 |       |       ||     1
 Abil: Spit Poison       |    18 |    23 |     4 ||    45
  Eat: Chunk             |     4 |     5 |     2 ||    11
Armor: Robe              |    11 |    12 |     8 ||    31
Dodge: Dodged            |    42 |    29 |    33 ||   104
